 Dungeon Crawl Stone Soup version 0.32-a0-12-g7fc57aa741 (webtiles) character file.

Game seed: 15252949065438239428

3765 jlumianski the Grappler (level 10, -2/66 (76) HPs)
             Began as a Gnoll Shapeshifter on Jan 11, 2024.
             Was an Initiate of Wu Jian.
             Slain by a wight
             ... wielding a +4 battleaxe
              (7 damage)
             ... on level 7 of the Dungeon on Jan 14, 2024.
             The game lasted 00:37:33 (8265 turns).

jlumianski the Grappler (Gnoll Shapeshifter)        Turns: 8265, Time: 00:37:34

HP:   -2/66 (76)    AC: 11    Str: 17    XL:     10   Next: 15%
MP:   17/17         EV: 10    Int: 10    God:    Wu Jian [......]
Gold: 214           SH:  0    Dex: 12    Spells: 19/19 levels left

rFire   . .          .
                       - Unarmed
rCold   . . .        (no shield)
rNeg    . . .        D - +2 chain mail
rPois   .            (helmet currently unavailable)
rElec   .            (cloak currently unavailable)
rCorr   .            (gloves currently unavailable)
SInv    .            (boots currently unavailable)
Will    .....        (no amulet) Stlth
                     (no ring)
HPRegen 0.31/turn    (no ring)
MPRegen 0.15/turn

%: no passive effects
@: beast-form, heavily drained
A: beast (slay +4), fangs 1, strong nose, distributed training
a: Begin Untransformation, Renounce Religion


You were on level 7 of the Dungeon.
You worshipped Wu Jian.
Wu Jian was noncommittal.
You were a hulking beast.
You visited 2 branches of the dungeon, and saw 9 of its levels.

You collected 431 gold pieces.
You spent 217 gold pieces at shops.

Inventory:

Hand Weapons
 g - a +1 arbalest
 n - the +9 short sword of Ru's Felicitations {freeze, rPois Int+5 Dex-2}
   (You took it off an orc on level 3 of the Dungeon)

   Int+5:     It affects your intelligence (+5).
   Dex-2:     It affects your dexterity (-2).
   rPois:     It protects you from poison
 w - the +4 whip "Woppus" {speed, Int+2}
   (You found it on level 6 of the Dungeon)

   Int+2:     It affects your intelligence (+2).
 G - a +4 trident of draining
 K - the +6 mace of Xidiwk {holy, Int+3}
   (You found it on level 7 of the Dungeon)

   Int+3:     It affects your intelligence (+3).
 N - a +4 great sword of freezing
Missiles
 q - 8 poisoned darts (quivered)
 u - a throwing net
 z - 2 javelins
 A - a curare-tipped dart
 E - 2 boomerangs
Armour
 a - a +0 animal skin
 e - a +0 pair of gloves
 k - a +0 leather armour
 l - a +0 plate armour
 s - an orb of mayhem
 y - a +2 helmet
 C - a scarf of shadows
 D - a +2 chain mail (worn)
 F - a +0 pair of gloves
 H - an orb of guile
 J - +0 acid dragon scales
Magical Staves
 B - a staff of death
Talismans
 c - a beast talisman (active)
 d - a flux talisman
 r - a blade talisman
 t - a storm talisman
Scrolls
 f - 4 scrolls of teleportation
 o - a scroll of immolation
 p - a scroll of fear
 v - a scroll of enchant weapon
 L - a scroll of blinking
 M - a scroll of identify
Potions
 b - 2 potions of lignification
 h - 2 potions of berserk rage
 i - 4 potions of enlightenment
 j - 2 potions of mutation
 m - a potion of attraction
 x - a potion of brilliance
 I - a potion of magic


   Skills:
 + Level 5.9 Fighting
 + Level 5.2 Short Blades
 + Level 5.2 Long Blades
 + Level 5.2 Axes
 + Level 5.2 Maces & Flails
 + Level 5.2 Polearms
 + Level 5.2 Staves
 + Level 5.2 Ranged Weapons
 + Level 5.2 Throwing
 + Level 5.2 Armour
 + Level 7.0 Dodging
 + Level 5.2 Stealth
 + Level 5.2 Shields
 + Level 8.4 Unarmed Combat
 + Level 5.2 Spellcasting
 + Level 4.3 Conjurations
 + Level 4.3 Hexes
 + Level 4.3 Summonings
 + Level 4.3 Necromancy
 + Level 4.3 Translocations
 + Level 4.3 Fire Magic
 + Level 4.3 Ice Magic
 + Level 4.3 Air Magic
 + Level 4.3 Earth Magic
 + Level 4.3 Alchemy
 + Level 5.7 Invocations
 + Level 5.2 Evocations
 + Level 8.1 Shapeshifting


You had 19 spell levels left.
You didn't know any spells.
Your spell library contained the following spells:

 Spells                   Type           Power      Damage    Failure   Level
 Sublimation of Blood     Necr           11%        N/A       47%         2
 Frozen Ramparts          Ice            22%        1d4       71%         3
 Leda's Liquefaction      Alch/Erth      5%         N/A       98%         4
 Passage of Golubria      Tloc           11%        N/A       98%         4
 Petrify                  Alch/Erth      11%        N/A       98%         4
 Irradiate                Conj/Alch      5%         3d13      100%        5
 Metabolic Englaciation   Hex/Ice        5%         N/A       100%        5
 Silence                  Hex/Air        5%         N/A       100%        5
 Lehudib's Crystal Spear  Conj/Erth      5%         10d3      100%        8


Dungeon Overview and Level Annotations

Branches:
Dungeon (8/15)             Temple (1/1) D:7
   Lair: D:8-11

Altars:
Ashenzari
Cheibriados
Dithmenos
Elyvilon
Fedhas
Gozag
Hepliaklqana
Kikubaaqudgha
Nemelex Xobeh
Okawaru
Qazlal
Ru
Sif Muna
Trog
Uskayaw
Vehumet
Wu Jian
Xom
Yredelemnul
Zin
The Shining One

Shops:
D:7 ?


Innate Abilities, Weirdness & Mutations

You are a hulking beast.
Your limbs bulge with bestial killing power. (Slay +4)
You have very sharp teeth.
Your uncanny sense of smell can sniff out nearby items.
Your experience applies equally to all skills.


Message History

Found an escape hatch in the floor.
Things that are here:
a +0 dagger; a +0 robe The wight throws a stone.
The stone hits you but does no damage.
The wight throws a stone.
The stone closely misses you.
You barely miss the wight. The wight hits you but does no damage.
You hit the wight.
The wight is moderately damaged.
The wight hits you with a +4 battleaxe! The wight barely misses you.
You barely miss the wight.
The wight is moderately damaged.
The wight hits you with a +4 battleaxe.
The wight hits you with a +0 great sword.
You feel drained.
You hit the wight but do no damage. You punch the wight, but do no damage.
The wight is moderately damaged.
The wight hits you with a +4 battleaxe!
You feel drained.
You punch the wight!
The wight is severely damaged.
The wight hits you but does no damage.
You punch the wight!
You destroy the wight!
The Council accepts your kill. The wight barely misses you.
The wight hits you with a +4 battleaxe.
Items here: $ ( ) = [.
You barely miss the wight. The wight hits you with a +4 battleaxe.
You feel drained.
You hit the wight.
The wight is lightly damaged.
The wight hits you with a +4 battleaxe.
You closely miss the wight. You bite the wight.
The wight is moderately damaged.
The wight hits you with a +4 battleaxe!
You feel drained.
You hit the wight. You bite the wight, but do no damage.
The wight is heavily damaged.
The wight hits you with a +4 battleaxe!!
* * * LOW HITPOINT WARNING * * *
You feel drained.
You die...

. ##....#.##.#.# #
..#...#.##.#.# #####
##.#....##.#)# .....
.>......##.#.# .#
##......)....# .#
#............# ##
#.........#..# #
#.........#..# #
##....zh.##..# #
#......###..# #####
#....... ...# ..Fb#
####..####.## ..#.#
#######..####.#
#.#.####..b.b........#
#.#.o.o...F.....######
#.#####.######.##
#.#####.# #.#


You could see a wight.

Vanquished Creatures
  Maggie (D:7)
  Jeremiah (D:7)
  3 yaks (D:4)
  The ghost of nroviw the Conjurer, an amateur DECj (D:4)
  Duvessa (D:6)
  An orc warrior (D:5)
  An ice beast (D:6)
  An ogre (D:4)
  2 centaurs (D:4)
  A kobold brigand (D:5)
  A bullfrog (D:8)
  Blork the orc (D:4)
  3 scorpions
  6 wights
  Dowan (D:6)
  3 killer bees (D:8)
  2 bombardier beetles
  4 crimson imps (D:3)
  3 hounds
  3 jellies
  2 gnoll boudas (D:5)
  6 orc priests
  An iguana (D:7)
  2 sleepcaps
  Natasha (thrice) (D:3)
  5 orc wizards
  14 gnolls
  8 adders
  2 white imps (D:7)
  12 ufetubi
  2 dart slugs
  25 orcs
  9 endoplasms
  4 giant cockroaches
  7 goblins
  6 hobgoblins
  13 kobolds
  7 ball pythons
  6 bats
  4 frilled lizards
  4 rats
  A butterfly (D:7)
183 creatures vanquished.

Notes
Turn   | Place    | Note
-------+----------+-------------------------------------------
     0 | D:1      | jlumianski the Gnoll Shapeshifter began the quest for the
                  | Orb.
     0 | D:1      | Reached XP level 1. HP: 17/17 MP: 1/1
     0 | D:1      | Upgraded the game from 0.31-a0-1616-gbeaec30b81 to
                  | 0.31-a0-1620-gcbf77bbcfc
   145 | D:1      | Reached XP level 2. HP: 23/23 MP: 2/2
   415 | D:2      | Reached XP level 3. HP: 27/28 MP: 3/3
   626 | D:1      | Reached skill level 1 in Invocations
  1067 | D:2      | Reached skill level 1 in Short Blades
  1067 | D:2      | Reached skill level 1 in Long Blades
  1067 | D:2      | Reached skill level 1 in Axes
  1067 | D:2      | Reached skill level 1 in Maces & Flails
  1067 | D:2      | Reached skill level 1 in Polearms
  1067 | D:2      | Reached skill level 1 in Staves
  1067 | D:2      | Reached skill level 1 in Ranged Weapons
  1067 | D:2      | Reached skill level 1 in Throwing
  1067 | D:2      | Reached skill level 1 in Armour
  1067 | D:2      | Reached skill level 1 in Stealth
  1067 | D:2      | Reached skill level 1 in Shields
  1067 | D:2      | Reached skill level 1 in Spellcasting
  1067 | D:2      | Reached skill level 1 in Evocations
  1094 | D:2      | Reached XP level 4. HP: 30/34 MP: 5/5
  1430 | D:3      | Noticed Natasha
  1434 | D:3      | Killed Natasha
  1435 | D:3      | Reached skill level 1 in Conjurations
  1435 | D:3      | Reached skill level 1 in Hexes
  1435 | D:3      | Reached skill level 1 in Summonings
  1435 | D:3      | Reached skill level 1 in Necromancy
  1435 | D:3      | Reached skill level 1 in Translocations
  1435 | D:3      | Reached skill level 1 in Fire Magic
  1435 | D:3      | Reached skill level 1 in Ice Magic
  1435 | D:3      | Reached skill level 1 in Air Magic
  1435 | D:3      | Reached skill level 1 in Earth Magic
  1435 | D:3      | Reached skill level 1 in Alchemy
  1463 | D:3      | Upgraded the game from 0.31-a0-1620-gcbf77bbcfc to
                  | 0.32-a0-7-ge934b4519a
  1579 | D:3      | Noticed Natasha
  1593 | D:3      | Reached XP level 5. HP: 40/40 MP: 5/7
  1597 | D:3      | Killed Natasha
  1958 | D:3      | Found a shimmering altar of Xom.
  1998 | D:3      | Noticed Natasha
  2189 | D:3      | Reached XP level 6. HP: 46/47 MP: 8/8
  2194 | D:3      | Killed Natasha
  2195 | D:3      | Reached skill level 5 in Dodging
  2498 | D:3      | Found a faded altar of an unknown god.
  2760 | D:4      | Reached XP level 7. HP: 35/52 MP: 10/10
  2951 | D:5      | Entered Level 5 of the Dungeon
  3295 | D:4      | Noticed Blork the orc
  3304 | D:4      | Killed Blork the orc
  3571 | D:5      | Reached XP level 8. HP: 46/60 MP: 12/12
  4012 | D:5      | Noticed a yak
  4017 | D:5      | Noticed a yak
  4230 | D:4      | Found a runed translucent gate.
  4230 | D:4      | Noticed nroviw's ghost (amateur DECj)
  4231 | D:4      | Found a runed translucent gate.
  4232 | D:4      | Found a runed translucent gate.
  4232 | D:4      | You fall into a shaft and drop 1 floor!
  4308 | D:4      | Identified the +9 short sword of Ru's Felicitations
                  | {freeze, rPois Int+5 Dex-2}
  4857 | D:4      | Killed nroviw's ghost
  5789 | D:6      | Identified the +4 whip "Woppus" {speed, Int+2}
  5884 | D:4      | Killed a yak
  5885 | D:4      | Reached XP level 9. HP: 55/67 MP: 13/15
  5949 | D:4      | Reached skill level 5 in Fighting
  6262 | D:7      | Noticed Maggie
  6276 | D:7      | Killed Maggie
  6350 | D:7      | Reached skill level 5 in Invocations
  6555 | D:6      | Noticed Duvessa
  6577 | D:6      | Killed Duvessa
  6584 | D:6      | Noticed Dowan
  6591 | D:6      | Killed Dowan
  6629 | D:5      | Upgraded the game from 0.32-a0-7-ge934b4519a to
                  | 0.32-a0-12-g7fc57aa741
  6930 | D:6      | Found a shadowy altar of Dithmenos.
  7197 | D:7      | Noticed Jeremiah
  7226 | D:7      | Found a staircase to the Ecumenical Temple.
  7355 | Temple   | Entered the Ecumenical Temple
  7381 | Temple   | Became a worshipper of the Wu Jian Council
  7484 | D:7      | Killed Jeremiah
  7651 | D:8      | Reached skill level 5 in Short Blades
  7651 | D:8      | Reached skill level 5 in Long Blades
  7651 | D:8      | Reached skill level 5 in Axes
  7651 | D:8      | Reached skill level 5 in Maces & Flails
  7651 | D:8      | Reached skill level 5 in Polearms
  7651 | D:8      | Reached skill level 5 in Staves
  7651 | D:8      | Reached skill level 5 in Ranged Weapons
  7651 | D:8      | Reached skill level 5 in Throwing
  7651 | D:8      | Reached skill level 5 in Armour
  7651 | D:8      | Reached skill level 5 in Stealth
  7651 | D:8      | Reached skill level 5 in Shields
  7651 | D:8      | Reached skill level 5 in Spellcasting
  7651 | D:8      | Reached skill level 5 in Evocations
  7651 | D:8      | Reached XP level 10. HP: 70/73 MP: 17/17
  8154 | D:7      | Identified the +6 mace of Xidiwk {holy, Int+3}
  8191 | D:7      | Found Lan Cex's Magic Scroll Shop.
  8199 | D:7      | Bought a scroll of blinking for 105 gold pieces
  8199 | D:7      | Bought a scroll of identify for 28 gold pieces
  8199 | D:7      | Bought a scroll of teleportation for 42 gold pieces
  8199 | D:7      | Bought a scroll of teleportation for 42 gold pieces
  8265 | D:7      | Slain by a wight

Illustrated notes

Levels and vault maps discovered:
D:1:      minmay_arrival_cross, layout_basic
D:2:      layout_loops_ring
D:3:      layout_basic, led_xom_imps, chequers_ecumenical_altar_grove,
          minmay_misc_feat_plants, nicolae_half_adder, uniq_natasha
D:4:      layout_rooms, biasface_ghost_orc_armoury, minmay_misc_feat_square,
          uniq_blork_the_orc
D:5:      layout_loops_cross
D:6:      layout_cave_pools, general_overflow_altar, uniq_duvessa
D:7:      layout_loops_ring, minmay_temple_entry_butterflies, serial_shops,
          shop, uniq_jeremiah, uniq_maggie
D:8:      layout_basic, makhleb_blood_cavern_becter, serial_shops, shop
Temple:   hellmonk_temple_of_storms

Skill      XL: |  1  2  3  4  5  6  7  8  9 10 |
---------------+-------------------------------+-----
Invocations    | 1 2 3 4 5 |  5.7
Short Blades   | 1 2 3 4 5 |  5.2
Long Blades    | 1 2 3 4 5 |  5.2
Axes           | 1 2 3 4 5 |  5.2
Maces & Flails | 1 2 3 4 5 |  5.2
Polearms       | 1 2 3 4 5 |  5.2
Staves         | 1 2 3 4 5 |  5.2
Ranged Weapons | 1 2 3 4 5 |  5.2
Throwing       | 1 2 3 4 5 |  5.2
Armour         | 1 2 3 4 5 |  5.2
Stealth        | 1 2 3 4 5 |  5.2
Shields        | 1 2 3 4 5 |  5.2
Spellcasting   | 1 2 3 4 5 |  5.2
Evocations     | 1 2 3 4 5 |  5.2
Conjurations   | 1 2 3 4 |  4.3
Hexes          | 1 2 3 4 |  4.3
Summonings     | 1 2 3 4 |  4.3
Necromancy     | 1 2 3 4 |  4.3
Translocations | 1 2 3 4 |  4.3
Fire Magic     | 1 2 3 4 |  4.3
Ice Magic      | 1 2 3 4 |  4.3
Air Magic      | 1 2 3 4 |  4.3
Earth Magic    | 1 2 3 4 |  4.3
Alchemy        | 1 2 3 4 |  4.3
Fighting       | 3 4 5 |  5.9
Dodging        | 5 6 7 |  7.0
Unarmed Combat | 7 8 |  8.4
Shapeshifting  | 7 8 |  8.1

Action                     |  1- 3 |  4- 6 |  7- 9 | 10-12 || total
---------------------------+-------+-------+-------+-------++-------
  Melee: Unarmed           |    56 |    98 |   334 |    48 ||   536
         Bite              |     7 |     5 |    37 |     7 ||    56
         Punch             |     5 |     5 |    19 |     3 ||    32
   Fire: Arbalest          |       |       |    32 |       ||    32
  Throw: Dart              |       |       |     3 |     6 ||     9
Ability: Lunge             |       |       |     3 |       ||     3
    Use: Potion            |       |     2 |     2 |     1 ||     5
         Scroll            |       |     1 |    10 |     1 ||    12
 Armour: Animal skin       |     5 |       |       |       ||     5
         Leather armour    |     4 |       |       |       ||     4
         Plate armour      |    23 |   134 |   165 |       ||   322
         Chain mail        |       |       |   234 |    46 ||   280
         Skin              |       |       |     4 |       ||     4
  Dodge: Dodged            |    24 |    43 |   166 |    20 ||   253
   Form: Beast             |       |       |     1 |       ||     1

Table legend: (Time is in decaauts)
 A = Elapsed time spent in this place.
 B = Non-inter-level travel time spent in this place.
 C = Inter-level travel time spent in this place.
 D = Time resting spent in this place.
 E = Time spent auto-exploring this place.
 F = Levels seen in this place.
 G = Mean time per level.
                   A        B        C        D        E       F      G
               +--------+--------+--------+--------+--------+-----+--------+
         Total |   8274 |   8130 |    144 |   2089 |   3027 |   9 |  919.3 |
       Dungeon |   8223 |   8079 |    144 |   2089 |   3027 |   8 | 1027.9 |
        Temple |     50 |     50 |      0 |      0 |      0 |   1 |   50.0 |
               +--------+--------+--------+--------+--------+-----+--------+

Top non-repeatable levels by time:
     D:5: 1730 daAuts
     D:4: 1672 daAuts
     D:3: 1501 daAuts
     D:6: 1035 daAuts
     D:2: 757 daAuts
     D:1: 660 daAuts
     D:7: 595 daAuts
     D:8: 271 daAuts
  Temple: 50 daAuts
